3AA
BATTLE GROUND AEROS @ OTTAWA NATIONALS
08/15/2022
 
TOP OF THE 1ST
Battle Ground Aeros batting - Pitching for Ottawa Nationals : RHP Pedro Romero
Pitching: RHP Pedro Romero
Batting: SHB Shawn Sánchez 0-0: Ball
1-0: Called Strike
1-1: Foul Ball, location: 2F
1-2: Fly out, F8 (Flyball, 8RD)
Batting: RHB Jim Unknown 0-0: Swinging Strike
0-1: Ball
1-1: Ball
2-1: Fly out, F7 (Flyball, 7M)
Batting: RHB Jim Unknown 0-0: Ball
1-0: SOLO HOME RUN (Line Drive, 7D), Distance : 368 ft
Batting: LHB Edgardo Téllez 0-0: Called Strike
0-1: Ball
1-1: Called Strike
1-2: Foul Ball, location: 2F
1-2: Ball
2-2: Ball
3-2: Base on Balls
Batting: RHB Jaime Chavarriaga 0-0: Foul Ball, location: 2F
0-1: Foul Ball, location: 2F
0-2: Ball
1-2: SINGLE (Flyball, 8LS)
Edgardo Téllez to second
Batting: SHB Jim Unknown 0-0: Ball
1-0: Called Strike
1-1: Ball
2-1: Ground out 5-3 (Groundball, 15S)
Top of the 1st over - 1 run(s), 2 hit(s), 0 error(s), 2 left on base; Battle Ground 1 - Ottawa 0
BOTTOM OF THE 1ST
Ottawa Nationals batting - Pitching for Battle Ground Aeros : LHP Ryan McCall
Pitching: LHP Ryan McCall
Batting: RHB Francisco Morales 0-0: Bunt for hit - play at first, batter safe!
Batting: RHB Noel Wells 0-0: Ball
1-0: Ball
2-0: Called Strike
2-1: Swinging Strike
2-2: Strikes out looking
Batting: RHB Rodrigo Pagán 0-0: Ball
1-0: Fly out, F7 (Flyball, 7LM)
Batting: RHB José Icaza 0-0: Ball
1-0: SINGLE (Line Drive, 5D)
Francisco Morales to second
Batting: LHB Tony Ríos 0-0: Ground out 4-3 (Groundball, 4)
Bottom of the 1st over - 0 run(s), 2 hit(s), 0 error(s), 2 left on base; Battle Ground 1 - Ottawa 0
TOP OF THE 2ND
Battle Ground Aeros batting - Pitching for Ottawa Nationals : RHP Pedro Romero
Batting: LHB Jim Unknown 0-0: Foul Ball, location: 2F
0-1: Called Strike
0-2: Strikes out swinging
Batting: RHB Daniel Cooper 0-0: Foul Ball, location: 2F
0-1: Ball
1-1: Swinging Strike
1-2: Foul Ball, location: 2F
1-2: Ball
2-2: Reached on error, E5 (Groundball, 56)
Batting: RHB Jim Unknown 0-0: Called Strike
0-1: Ball
1-1: Ball
2-1: Foul Ball, location: 2F
2-2: Foul Ball, location: 2F
2-2: Fly out, F9 (Flyball, 89D)
Batting: SHB Shawn Sánchez 0-0: Ball
1-0: Called Strike
1-1: Ball
2-1: Ball
Wild Pitch!
Daniel Cooper to second
3-1: Swinging Strike
3-2: Strikes out looking
Top of the 2nd over - 0 run(s), 0 hit(s), 1 error(s), 1 left on base; Battle Ground 1 - Ottawa 0
BOTTOM OF THE 2ND
Ottawa Nationals batting - Pitching for Battle Ground Aeros : LHP Ryan McCall
Batting: RHB Luke Turner 0-0: Called Strike
0-1: Fly out, F9 (Flyball, 9D)
Batting: LHB Justin Rigney 0-0: Ball
1-0: Swinging Strike
1-1: Called Strike
1-2: Strikes out swinging
Batting: RHB Dan Curtis 0-0: Foul Ball, location: 2F
0-1: Foul Ball, location: 2F
0-2: Ball
1-2: Ball
2-2: SINGLE (Groundball, 34)
Batting: LHB Javier Hernández 0-0: Fly out, F4 (Popup, 3D)
Bottom of the 2nd over - 0 run(s), 1 hit(s), 0 error(s), 1 left on base; Battle Ground 1 - Ottawa 0
TOP OF THE 3RD
Battle Ground Aeros batting - Pitching for Ottawa Nationals : RHP Pedro Romero
Batting: RHB Jim Unknown 0-0: Foul Ball, location: 2F
0-1: Called Strike
0-2: Foul Ball, location: 2F
0-2: Fly out, F8 (Flyball, 8LM)
Batting: RHB Jim Unknown 0-0: Ball
1-0: Ground out 6-3 (Groundball, 6)
Batting: LHB Edgardo Téllez 0-0: Ball
1-0: Ground out 4-3 (Groundball, 4)
Top of the 3rd over - 0 run(s), 0 hit(s), 0 error(s), 0 left on base; Battle Ground 1 - Ottawa 0
BOTTOM OF THE 3RD
Ottawa Nationals batting - Pitching for Battle Ground Aeros : LHP Ryan McCall
Batting: RHB Francisco Morales 0-0: Called Strike
0-1: Foul Ball, location: 2F
0-2: Ball
1-2: Strikes out looking
Batting: RHB Noel Wells 0-0: Called Strike
0-1: Ball
1-1: Foul Ball, location: 2F
1-2: Hit by Pitch
Batting: RHB Rodrigo Pagán 0-0: Called Strike
0-1: Ball
1-1: Swinging Strike
1-2: Ball
2-2: 2-RUN HOME RUN (Line Drive, 7D), Distance : 386 ft
Batting: RHB José Icaza 0-0: Swinging Strike
0-1: Swinging Strike
0-2: Ball
1-2: Ball
2-2: Strikes out swinging
Batting: LHB Tony Ríos 0-0: Ball
1-0: Ground out 3-1 (Groundball, 34)
Bottom of the 3rd over - 2 run(s), 1 hit(s), 0 error(s), 0 left on base; Battle Ground 1 - Ottawa 2
TOP OF THE 4TH
Battle Ground Aeros batting - Pitching for Ottawa Nationals : RHP Pedro Romero
Batting: RHB Jaime Chavarriaga 0-0: Called Strike
0-1: Foul Ball, location: 2F
0-2: Strikes out swinging
Batting: SHB Jim Unknown 0-0: Ground out 6-3 (Groundball, 6)
Batting: LHB Jim Unknown 0-0: Ball
1-0: SINGLE (Groundball, 34)
Batting: RHB Daniel Cooper 0-0: Swinging Strike
0-1: Ball
1-1: Foul Ball, location: 2F
1-2: Ball
Throwing error on steal attempt, E2
Jim Unknown to third
2-2: Fly out, F8 (Flyball, 8RM)
Top of the 4th over - 0 run(s), 1 hit(s), 1 error(s), 1 left on base; Battle Ground 1 - Ottawa 2
BOTTOM OF THE 4TH
Ottawa Nationals batting - Pitching for Battle Ground Aeros : LHP Ryan McCall
Batting: RHB Luke Turner 0-0: Called Strike
0-1: Ball
1-1: Foul Ball, location: 2F
1-2: Foul Ball, location: 2F
1-2: Ball
2-2: Foul Ball, location: 2F
2-2: Ground out 6-3 (Groundball, 6MS)
Batting: LHB Justin Rigney 0-0: Ball
1-0: Called Strike
1-1: Ball
2-1: Foul Ball, location: 2F
2-2: Fly out, F8 (Flyball, 8RD)
Batting: RHB Dan Curtis 0-0: Ball
1-0: Ball
2-0: Ball
3-0: Called Strike
3-1: Called Strike
3-2: Fly out, F9 (Flyball, 9M)
Bottom of the 4th over - 0 run(s), 0 hit(s), 0 error(s), 0 left on base; Battle Ground 1 - Ottawa 2
TOP OF THE 5TH
Battle Ground Aeros batting - Pitching for Ottawa Nationals : RHP Pedro Romero
Batting: RHB Jim Unknown 0-0: Called Strike
0-1: Foul Ball, location: 2F
0-2: Strikes out looking
Batting: SHB Shawn Sánchez 0-0: Bunted foul
0-1: DOUBLE (Line Drive, 9LM)
Batting: RHB Jim Unknown 0-0: SINGLE (Line Drive, 89S)
Shawn Sánchez to third
Runner from 3rd tries for Home, SAFE, no throw or cutoff
Batting: RHB Jim Unknown 0-0: Ball
1-0: Ball
2-0: Ball
3-0: Called Strike
3-1: Foul Ball, location: 2F
3-2: Foul Ball, location: 2F
3-2: Base on Balls
Jim Unknown to second
Batting: LHB Edgardo Téllez 0-0: Ball
1-0: Ball
2-0: Ball
3-0: Foul Ball, location: 2F
3-1: SINGLE (Line Drive, 5D)
Jim Unknown to third
Jim Unknown to second
Batting: RHB Jaime Chavarriaga 0-0: Called Strike
0-1: Ball
1-1: Ball
2-1: Fly out, F9 (Flyball, 89M)
Runner from 3rd tags up, SCORES, throw made
Batting: SHB Jim Unknown 0-0: Swinging Strike
0-1: Ground out 4-3 (Groundball, 4)
Top of the 5th over - 2 run(s), 3 hit(s), 0 error(s), 2 left on base; Battle Ground 3 - Ottawa 2
BOTTOM OF THE 5TH
Ottawa Nationals batting - Pitching for Battle Ground Aeros : LHP Ryan McCall
Batting: LHB Javier Hernández 0-0: Fly out, F6 (Popup, 6MD)
Batting: RHB Francisco Morales 0-0: Ball
1-0: Called Strike
1-1: Called Strike
1-2: Ball
2-2: Foul Ball, location: 2F
2-2: Ground out 6-3 (Groundball, 6MS)
Batting: RHB Noel Wells 0-0: Called Strike
0-1: Ball
1-1: Ball
2-1: Ball
3-1: Base on Balls
Batting: RHB Rodrigo Pagán 0-0: Ball
1-0: Foul Ball, location: 2F
1-1: Ball
2-1: Foul Ball, location: 2F
2-2: Ground out 5-3 (Groundball, 5S)
Bottom of the 5th over - 0 run(s), 0 hit(s), 0 error(s), 1 left on base; Battle Ground 3 - Ottawa 2
TOP OF THE 6TH
Battle Ground Aeros batting - Pitching for Ottawa Nationals : RHP Pedro Romero
Batting: LHB Jim Unknown 0-0: Ground out 6-3 (Groundball, 6)
Batting: RHB Daniel Cooper 0-0: Ball
1-0: Called Strike
1-1: Ball
2-1: Foul Ball, location: 2F
2-2: Ball
3-2: Foul Ball, location: 2F
3-2: Foul Ball, location: 2F
3-2: Base on Balls
Pitching: RHP Mike Lane
Batting: RHB Jim Unknown 0-0: Foul Ball, location: 2F
0-1: Ball
1-1: Ball
2-1: Foul Ball, location: 2F
2-2: Ball
3-2: Grounds into double play, 5-4-3 (Groundball, 5L)
Top of the 6th over - 0 run(s), 0 hit(s), 0 error(s), 0 left on base; Battle Ground 3 - Ottawa 2
BOTTOM OF THE 6TH
Ottawa Nationals batting - Pitching for Battle Ground Aeros : LHP Ryan McCall
Batting: RHB José Icaza 0-0: Ball
1-0: Ball
2-0: SINGLE (Groundball, 56D)
Batting: LHB Tony Ríos 0-0: Ball
1-0: Ball
2-0: Swinging Strike
2-1: SINGLE (Groundball, 34) (infield hit)
José Icaza to second
Batting: RHB Luke Turner 0-0: Bunted foul
0-1: Bunted foul
0-2: Foul Ball, location: 2F
0-2: Ball
1-2: Ball
2-2: Foul Ball, location: 2F
2-2: Ball
3-2: Grounds into double play, 6-4-3 (Groundball, 6)
José Icaza to third
Batting: LHB Justin Rigney 0-0: Called Strike
0-1: Ball
1-1: Called Strike
1-2: Strikes out swinging
Bottom of the 6th over - 0 run(s), 2 hit(s), 0 error(s), 1 left on base; Battle Ground 3 - Ottawa 2
TOP OF THE 7TH
Battle Ground Aeros batting - Pitching for Ottawa Nationals : RHP Mike Lane
Batting: SHB Shawn Sánchez 0-0: Called Strike
0-1: Ball
1-1: Ball
2-1: Swinging Strike
2-2: Ball
3-2: Foul Ball, location: 2F
3-2: Ground out 6-3 (Groundball, 6)
Batting: RHB Jim Unknown 0-0: Ball
1-0: Called Strike
1-1: Ball
2-1: Fly out, F8 (Line Drive, 8LM)
Batting: RHB Jim Unknown 0-0: Ball
1-0: Ground out 1-3 (Groundball, 15)
Top of the 7th over - 0 run(s), 0 hit(s), 0 error(s), 0 left on base; Battle Ground 3 - Ottawa 2
BOTTOM OF THE 7TH
Ottawa Nationals batting - Pitching for Battle Ground Aeros : LHP Ryan McCall
Batting: RHB Dan Curtis 0-0: Fly out, F7 (Flyball, 7LS)
Batting: LHB Javier Hernández 0-0: Ball
1-0: Called Strike
1-1: Foul Ball, location: 2F
1-2: Ball
2-2: Ground out 4-3 (Groundball, 4)
Batting: RHB Francisco Morales 0-0: Ball
1-0: Ball
2-0: Foul Ball, location: 2F
2-1: Ball
3-1: Foul Ball, location: 2F
3-2: Base on Balls
Batting: RHB Noel Wells 0-0: Ball
1-0: Called Strike
1-1: Called Strike
1-2: Fly out, F9 (Flyball, 89M)
Bottom of the 7th over - 0 run(s), 0 hit(s), 0 error(s), 1 left on base; Battle Ground 3 - Ottawa 2
TOP OF THE 8TH
Battle Ground Aeros batting - Pitching for Ottawa Nationals : RHP Mike Lane
Batting: LHB Edgardo Téllez 0-0: SINGLE (Groundball, 3S) (infield hit)
Batting: RHB Jaime Chavarriaga 0-0: Ball
1-0: Ball
2-0: Ball
3-0: Called Strike
3-1: Foul Ball, location: 2F
3-2: Base on Balls
Edgardo Téllez to second
Batting: SHB Jim Unknown 0-0: Ball
1-0: Foul Ball, location: 2F
1-1: Hit by Pitch
Edgardo Téllez to third
Jaime Chavarriaga to second
Batting: LHB Jim Unknown 0-0: Called Strike
0-1: Ball
1-1: Swinging Strike
1-2: Foul Ball, location: 2F
1-2: SINGLE (Groundball, 25) (infield hit)
Edgardo Téllez scores
Jaime Chavarriaga to third
Jim Unknown to second
Batting: RHB Daniel Cooper 0-0: Ball
1-0: SINGLE (Flyball, 8RS)
Jaime Chavarriaga scores
Jim Unknown to third
Jim Unknown to second
Runner from 3rd tries for Home, SAFE, no throw or cutoff
Pitching: LHP Martin Bennett
Batting: RHB Jim Unknown 0-0: 3-RUN HOME RUN (Flyball, 8LXD), Distance : 431 ft
Batting: SHB Shawn Sánchez 0-0: Called Strike
0-1: SINGLE (Groundball, 56D)
Batting: RHB Jim Unknown 0-0: Foul Ball, location: 2F
0-1: Ball
1-1: Called Strike
1-2: Ball
2-2: Foul Ball, location: 2F
2-2: Strikes out looking
Batting: RHB Jim Unknown 0-0: Ball
1-0: Ball
2-0: Ball
3-0: Called Strike
3-1: Swinging Strike
3-2: Foul Ball, location: 2F
3-2: Base on Balls
Shawn Sánchez to second
Batting: LHB Edgardo Téllez 0-0: Called Strike
0-1: Ball
1-1: Called Strike
1-2: Foul Ball, location: 2F
1-2: Foul Ball, location: 2F
1-2: Strikes out looking
Batting: RHB Jaime Chavarriaga 0-0: Called Strike
0-1: Swinging Strike
0-2: Ball
1-2: Strikes out looking
Top of the 8th over - 6 run(s), 5 hit(s), 0 error(s), 2 left on base; Battle Ground 9 - Ottawa 2
BOTTOM OF THE 8TH
Ottawa Nationals batting - Pitching for Battle Ground Aeros : LHP Ryan McCall
Batting: RHB Rodrigo Pagán 0-0: Ball
1-0: Ball
2-0: Ball
3-0: Called Strike
3-1: Base on Balls
Pitching: LHP Jim Unknown
Batting: RHB José Icaza 0-0: Swinging Strike
0-1: Ball
1-1: Foul Ball, location: 2F
1-2: Fly out, F8 (Flyball, 8LM)
Batting: LHB Tony Ríos 0-0: Ball
1-0: Grounds into double play, U4-3 (Groundball, 4)
Bottom of the 8th over - 0 run(s), 0 hit(s), 0 error(s), 0 left on base; Battle Ground 9 - Ottawa 2
TOP OF THE 9TH
Battle Ground Aeros batting - Pitching for Ottawa Nationals : LHP Martin Bennett
Pitching: RHP Edwin Ellis
Batting: SHB Jim Unknown 0-0: Called Strike
0-1: Foul Ball, location: 2F
0-2: Ball
1-2: Ball
2-2: Ball
3-2: Foul Ball, location: 2F
3-2: Base on Balls
Batting: LHB Jim Unknown 0-0: Called Strike
Jim Unknown steals 2nd base
0-1: Ball
1-1: Foul Ball, location: 2F
1-2: Ball
2-2: SINGLE (Groundball, 34D) (infield hit)
Jim Unknown to third
Batting: RHB Daniel Cooper 0-0: Called Strike
0-1: Ball
1-1: Called Strike
1-2: Ball
2-2: SINGLE (Line Drive, 4D)
Jim Unknown scores
Jim Unknown to second
Batting: RHB Jim Unknown 0-0: Called Strike
0-1: Foul Ball, location: 2F
0-2: Ball
1-2: Ball
2-2: Foul Ball, location: 2F
2-2: SINGLE (Line Drive, 89S)
Jim Unknown to third
Daniel Cooper to second
Batting: SHB Shawn Sánchez 0-0: Ball
1-0: Ball
2-0: Ball
3-0: Base on Balls
Jim Unknown scores
Daniel Cooper to third
Jim Unknown to second
Batting: RHB Jim Unknown 0-0: Grounds into double play, 4-6-3 (Groundball, 4)
Daniel Cooper scores
Jim Unknown to third
Batting: RHB Jim Unknown 0-0: Ball
1-0: Foul Ball, location: 2F
1-1: Ground out 4-3 (Groundball, 4)
Top of the 9th over - 3 run(s), 3 hit(s), 0 error(s), 1 left on base; Battle Ground 12 - Ottawa 2
BOTTOM OF THE 9TH
Ottawa Nationals batting - Pitching for Battle Ground Aeros : LHP Jim Unknown
Batting: RHB Luke Turner 0-0: Ball
1-0: SINGLE (Line Drive, 7S)
Batting: LHB Justin Rigney 0-0: Called Strike
0-1: Ball
1-1: Swinging Strike
1-2: Ball
2-2: Ball
3-2: Foul Ball, location: 2F
3-2: Strikes out swinging
Luke Turner is caught stealing 2nd base
Batter strikes out.
Batting: RHB Dan Curtis 0-0: Ball
1-0: Ground out 4-3 (Groundball, 4)
Bottom of the 9th over - 0 run(s), 1 hit(s), 0 error(s), 0 left on base; Battle Ground 12 - Ottawa 2
This league is powered by Out of the Park Baseball, the baseball management simulation game for PC, Mac and Linux
Friday, April 15th, 2016 - OOTP Baseball 16.9 Build 39